 Dungeon Crawl Stone Soup version 0.29-a0-1043-g569b05d6ff (webtiles) character file.

Game seed: 4582376833575594909

402961 freelancePsychic the Cryomancer (level 22, -11/188 HPs)
             Began as a Yellow Draconian Monk on Aug 15, 2022.
             Was the Champion of Vehumet.
             Killed from afar by an ancient lich (27 damage)
             ... with a bolt of acid
             ... on level 5 of the Vaults.
             The game lasted 01:48:54 (51156 turns).

freelancePsychic the Cryomancer (DrMo)             Turns: 51156, Time: 01:48:55

Health: -11/188    AC: 19    Str: 15    XL:     22   Next: 31%
Magic:  44/46      EV: 25    Int: 29    God:    Vehumet [******]
Gold:   3809       SH: 11    Dex: 23    Spells: 8/41 levels left

rFire   + + .      SeeInvis .   b - staff of cold
rCold   + . .      Faith    .   S - +3 buckler {reflect}
rNeg    . . .      Spirit   .   (body armour unavailable)
rPois   +          Reflect  +   K - +3 hat of Pondering {ponderous, Will+ MP+10 Int+5}
rElec   +          Harm     .   k - +2 cloak {Will+}
rCorr   +          Rampage  .   M - +2 pair of gloves "Leron" {Drain rPois Regen+ Dex+6}
Will    +++..                   Q - +2 pair of boots
Stlth   ++........              g - amulet of Vitality {RegenMP++ Regen++}
HPRegen 2.81/turn               q - ring of Usalol {rElec Str+2 Int+6 Dex+4}
MPRegen 1.10/turn               J - ring of Riutof {rF++ rCorr Dex-5}

@: about to teleport, on vortex cooldown, marked, corroded, slow
A: spit acid, AC +11, unfitting armour, acidic bite, cold-blooded, acid
resistance, frail 1
}: 2/15 runes: decaying, serpentine
a: Breathe Acid, Renounce Religion


You were on level 5 of the Vaults.
You worshipped Vehumet.
Vehumet was exalted by your worship.
You visited 8 branches of the dungeon, and saw 39 of its levels.
You also visited: Ossuary, Ice Cave and Wizlab.

You collected 5529 gold pieces.
You spent 1720 gold pieces at shops.

Inventory:

Missiles
 r - 23 curare-tipped darts
Armour
 k - a +2 cloak of willpower (worn)
 K - the +3 hat of Pondering (worn) {ponderous, Will+ MP+10 Int+5}
   (You took it off Gastronok on level 8 of the Dungeon)

   Int:       It affects your intelligence (+5).
   MP:        It affects your magic capacity (+10).
   Will:      It increases your willpower.
 M - the +2 pair of gloves "Leron" (worn) {Drain rPois Regen+ Dex+6}
   (You bought it in a shop on level 4 of the Vaults)

   Dex:       It affects your dexterity (+6).
   rPois:     It protects you from poison.
   Regen:     It increases your rate of health regeneration.
   Drain:     It drains your maximum health when unequipped.
 Q - a +2 pair of boots (worn)
 S - a +3 buckler of reflection (worn)
Magical Staves
 a - a staff of poison
 b - a staff of cold (weapon)
Jewellery
 c - the amulet "Ihox" {Spirit -Tele Rampage Str+3 Dex+3}
   (You found it in an ice cave)

   [amulet of guardian spirit]

   It causes incoming damage to be divided between your reserves of health and
   magic.
   Str:       It affects your strength (+3).
   Dex:       It affects your dexterity (+3).
   -Tele:     It prevents most forms of teleportation.
   Rampage:   It bestows one free step when moving towards enemies.
 g - the amulet of Vitality (around neck) {RegenMP++ Regen++}
   (You took it off a deep elf elementalist on level 3 of the Elven Halls)

   [amulet of magic regeneration]

   It increases your rate of magic regeneration.
   Regen:     It increases your rate of health regeneration.
 h - the ring of Najuetzu {rC+ rCorr Stlth+}
   (You found it on level 2 of the Vaults)

   [ring of protection from cold]

   rC:        It protects you from cold.
   rCorr:     It protects you from acid and corrosion.
   Stlth:     It makes you more stealthy.
 q - the ring of Usalol (left hand) {rElec Str+2 Int+6 Dex+4}
   (You found it on level 5 of the Dungeon)

   [ring of intelligence]

   Str:       It affects your strength (+2).
   Int:       It affects your intelligence (+6).
   Dex:       It affects your dexterity (+4).
   rElec:     It insulates you from electricity.
 J - the ring of Riutof (right hand) {rF++ rCorr Dex-5}
   (You bought it in a shop on level 2 of the Orcish Mines)

   [ring of resist corrosion]

   Dex:       It affects your dexterity (-5).
   rF:        It greatly protects you from fire.
   rCorr:     It protects you from acid and corrosion.
 V - a +6 ring of strength
 Y - a ring of protection from cold
 Z - a ring of protection from fire
Wands
 p - a wand of flame (82)
 E - a wand of roots (12)
 F - a wand of mindburst (22)
 H - a wand of paralysis (33)
 N - a wand of light (4)
 O - a wand of polymorph (11)
 T - a wand of digging (12)
Scrolls
 d - 7 scrolls of enchant armour
 i - 2 scrolls of amnesia
 m - 8 scrolls of teleportation {@r4}
 n - 3 scrolls of immolation
 o - 8 scrolls of enchant weapon
 v - 8 scrolls of blinking
 y - 6 scrolls of fear
 A - a scroll of magic mapping
 G - 4 scrolls of torment
 P - 4 scrolls of summoning
 R - 5 scrolls of brand weapon
 U - 4 scrolls of poison
 X - 2 scrolls of butterflies
Potions
 e - 3 potions of cancellation
 f - 25 potions of curing {@q1}
 j - 8 potions of mutation
 l - 2 potions of resistance
 t - 2 potions of brilliance
 u - 3 potions of ambrosia
 w - 14 potions of heal wounds {@q2}
 x - 5 potions of magic
 B - 4 potions of haste {@q3}
 C - 9 potions of might
 D - 7 potions of attraction
 I - 11 potions of flight
 L - 9 potions of lignification
 W - a potion of invisibility
Miscellaneous
 z - a condenser vane


   Skills:
 - Level 20.0 Fighting
 - Level 6.1(9.0) Polearms
 - Level 10.3(11.0) Staves
 - Level 15.2 Dodging
 - Level 1.8 Stealth
 * Level 11.0 Shields
 - Level 10.0 Spellcasting
 - Level 7.4 Conjurations
 - Level 7.0 Necromancy
 - Level 6.1 Transmutations
 + Level 24.9 Ice Magic
 - Level 3.9 Air Magic
 - Level 5.0 Evocations


You had 8 spell levels left.
You knew the following spells:

 Your Spells              Type           Power      Damage    Failure   Level
a - Ozocubu's Armour      Ice            100%       N/A       0%          3
b - Polar Vortex          Ice            63%        N/A       4%          9
d - Freezing Cloud        Conj/Ice/Air   45%        6-21      1%          5
e - Ozocubu's Refrigerat  Ice            63%        4d21      1%          7
f - Dispel Undead         Necr           53%        3d19      2%          4
h - Irradiate             Conj/Tmut      26%        3d20      2%          5

Your spell library contained the following spells:

 Spells                   Type           Power      Damage    Failure   Level
 Chain Lightning          Conj/Air       23%        3d31      100%        9
 Fire Storm               Conj/Fire      18%        8d5       100%        9
 Shatter                  Erth           7%         3d9*      100%        9
 Freeze                   Ice            100%       1d11      0%          1
 Frozen Ramparts          Ice            100%       1d16      0%          3
 Beastly Appendage        Tmut           98%        N/A       1%          1
 Foxfire                  Conj/Fire      100%       2x1d9     1%          1
 Magic Dart               Conj           100%       1d8       1%          1
 Necrotise                Necr           100%       1d9       1%          1
 Sting                    Tmut/Pois      100%       1d8       1%          1
 Ensorcelled Hibernation  Hex/Ice        100%       N/A       1%          2
 Passwall                 Tmut/Erth      26%        N/A       1%          2
 Poisonous Vapours        Pois/Air       50%        N/A       1%          2
 Scorch                   Fire           28%        2d6       1%          2
 Static Discharge         Conj/Air       47%        3-9/arc   1%          2
 Wereblood                Tmut           49%        N/A       1%          2
 Conjure Flame            Conj/Fire      36%        6-21      1%          3
 Dazzling Flash           Conj/Hex       72%        N/A       1%          3
 Mephitic Cloud           Conj/Pois/Air  36%        N/A       1%          3
 Vampiric Draining        Necr           53%        2d9       1%          3
 Hailstorm                Conj/Ice       100%       3d20      1%          4
 Ice Form                 Ice/Tmut       100%       N/A       1%          4
 Summon Ice Beast         Ice/Summ       92%        N/A       1%          4
 Iskenderun's Battlesphe  Conj           55%        2d11      1%          5
 Metabolic Englaciation   Hex/Ice        46%        N/A       1%          5
 Simulacrum               Ice/Necr       51%        N/A       1%          6
 Swiftness                Air            37%        N/A       2%          3
 Airstrike                Air            18%        2d(3-19)  2%          4
 Animate Dead             Necr           53%        N/A       2%          4
 Flame Wave               Conj/Fire      36%        2d10      2%          4
 Fulminant Prism          Conj/Hex       18%        3d11      2%          4
 Iskenderun's Mystic Bla  Conj/Tloc      36%        2d9       2%          4
 Sticky Flame             Conj/Fire      36%        2d6       2%          4
 Inner Flame              Hex/Fire       14%        N/A       3%          3
 Spider Form              Tmut/Pois      32%        N/A       3%          3
 Lightning Bolt           Conj/Air       23%        1d39      3%          5
 Apportation              Tloc           28%        N/A       4%          1
 Slow                     Hex            56%        N/A       4%          1
 Summon Small Mammal      Summ           56%        N/A       4%          1
 Blink                    Tloc           28%        N/A       7%          2
 Call Imp                 Summ           14%        N/A       7%          2
 Corpse Rot               Necr/Pois/Air  35%        N/A       10%         4
 Blade Hands              Tmut           24%        N/A       10%         5
 Yara's Violent Unravell  Hex/Tmut       16%        3d8       10%         5
 Anguish                  Hex/Necr       17%        N/A       11%         4
 Olgreb's Toxic Radiance  Pois           14%        N/A       12%         4
 Confusing Touch          Hex            14%        N/A       13%         3
 Lesser Beckoning         Tloc           14%        N/A       13%         3
 Tukima's Dance           Hex            14%        N/A       13%         3
 Conjure Ball Lightning   Conj/Air       23%        3x3d6     17%         6
 Summon Lightning Spire   Summ/Air       25%        N/A       21%         4
 Borgnjor's Vile Clutch   Necr/Erth      17%        N/A       28%         5
 Death Channel            Necr           26%        N/A       36%         6
 Iron Shot                Conj/Erth      18%        9d4       36%         6
 Starburst                Conj/Fire      18%        6d7       36%         6
 Cause Fear               Hex            7%         N/A       41%         4
 Passage of Golubria      Tloc           14%        N/A       41%         4
 Manifold Assault         Tloc           14%        N/A       77%         5
 Summon Forest            Summ/Tloc      7%         N/A       77%         5
 Spellforged Servitor     Conj/Summ      18%        N/A       87%         7
 Dragon Form              Tmut           24%        N/A       97%         7
 Storm Form               Tmut/Air       21%        N/A       99%         7
 Summon Cactus Giant      Summ           7%         N/A       100%        6
 Haunt                    Necr/Summ      17%        N/A       100%        7
 Infestation              Necr           26%        N/A       100%        8
 Maxwell's Capacitive Co  Air            18%        ∞         100%        8
 Dragon's Call            Summ           7%         N/A       100%        9


Dungeon Overview and Level Annotations

Branches:
Dungeon (15/15)            Temple (1/1) D:6            Lair (5/5) D:10
  Swamp (4/4) Lair:2        Snake (4/4) Lair:3        Slime (0/5) Lair:5
    Orc (2/2) D:11            Elf (3/3) Orc:2        Vaults (5/5) D:13
  Crypt (0/3) Vaults:2     Depths (0/4) D:15        Ossuary (visited)
  IceCv (visited)          WizLab (visited)

Altars:
Ashenzari
Cheibriados
Dithmenos
Elyvilon
Fedhas
Gozag
Hepliaklqana
Kikubaaqudgha
Makhleb
Nemelex Xobeh
Okawaru
Qazlal
Ru
Sif Muna
Trog
Uskayaw
Vehumet
Wu Jian
Xom
Yredelemnul
Zin
The Shining One

Shops:
D:1 :   D:6 *   D:9 [   D:15 [   Orc:2 *(::   Elf:2 ?   Snake:2 =   Vaults:4 [

Annotations:
D:6 2 transporters, siradein's ghost, novice DsFi
D:10 2 transporters, ytrimaz's ghost, journeyman FoFi
Snake:2 Roxanne
Elf:2 3 runed translucent doors
Vaults:4 2 transporters, Ruyty's ghost, adept DsGl


Innate Abilities, Weirdness & Mutations

You can spit globs of acid.
Your golden yellow scales are hard. (AC +11)
You cannot fit into any form of body armour.
You have acidic saliva.
You are cold-blooded and may be slowed by cold attacks.
You are resistant to acid. (rCorr)
You are frail. (-10% HP)


Message History

Your bite misses the harpy.
The harpy is lightly wounded.
The harpy completely misses you. The harpy misses you.
You hit the harpy but do no damage. You tail-slap the harpy.
The harpy is lightly wounded.
The harpy claws you but does no damage. You block the harpy's attack.
An ancient lich comes into view.
You block the harpy's attack. The harpy completely misses you. x2
The harpy claws you but does no damage.
Casting: Irradiate (mildly dangerous; 2% risk of failure)
Confirm with . or Enter, or press ? or * to list all spells.
You feel a surge of power!
A great freezing vortex appears and lifts you up.
The harpy claws you but does no damage. The harpy claws you.
The harpy misses you. The harpy completely misses you.
The ancient lich casts a spell.
The ancient lich seems to speed up.
You kill the harpy!
Vehumet accepts your kill.
You kill the harpy!
Vehumet accepts your kill.
The ancient lich points at you and mumbles some strange words.
The bolt of acid hits you!!! You resist. The acid corrodes you!
The ancient lich casts a spell at you. The bolt of acid hits you!!! You resist.
An orc warrior comes into view. It is wielding a +0 trident.
The ancient lich casts a spell at you. The crystal spear hits you!!!!
Ouch! That really hurt!
* * * LOW HITPOINT WARNING * * *
Blink to where?
Press: ? - help, Dir - move target
As you read the scroll of blinking, it crumbles to dust.
As you read the scroll of teleportation {@r4}, it crumbles to dust.
You feel strangely unstable.
The winds around you start to calm down.
You float gracefully downwards.
The ancient lich points at you and mumbles some strange words.
The bolt of acid hits you!! You resist.
You die...

##########
..........
..........
#################.
#@§§L§§§§$######..
##§§§§§$$###......
##§§§§$###..##..#
##§§§## #.####.#
##§## ##.####.#
##o####...##).#
...##...##....)..##
......o........####
#.....###.....##


You could see an ancient lich (fast) and an orc warrior.

Vanquished Creatures
  A dread lich (Vaults:5)
  A Head Instructor (WizLab)
  Vashnia (Snake:4)
  Jory (Vaults:2)
  3 golden dragons
  A bone dragon (Vaults:2)
  Asterion (Snake:4)
  A tentacled monstrosity (Swamp:2)
  2 deep elf blademasters (Elf:3)
  2 quicksilver dragons
  The ghost of Lance11888 the Convoker, an adept TeSu of Vehumet (Vaults:2)
  2 deep elf master archers (Elf:3)
  2 sphinxes
  4 shadow dragons
  5 tengu reavers
  Kirke (Swamp:2)
  A storm dragon (Vaults:5)
  A thorn hunter (Swamp:3)
  Gastronok (D:8)
  3 azure jellies (IceCv)
  Donald (Vaults:2)
  3 fire giants
  A rockslime (IceCv)
  16 nagarajas
  A draconian knight (WizLab)
  2 fenstrider witches
  2 frost giants (Vaults:2)
  2 orc warlords
  Aizul (Snake:4)
  20 vault wardens
  3 deep elf sorcerers (Elf:3)
  A ghost moth (Vaults:2)
  7 deep elf elementalists (Elf:3)
  3 war gargoyles
  An iron dragon (Vaults:2)
  4 quicksilver oozes (IceCv)
  10 ironbound preservers
  A spriggan defender (Elf:3)
  4 stone giants
  7 very ugly things
  A vampire knight (WizLab)
  11 ironbound thunderhulks
  7 deep elf demonologists
  4 eleionomae
  3 bunyips
  2 deep elf annihilators
  18 dire elephants
  7 ettins
  5 deep elf death magi
  The ghost of SensoryNuts the Basher, a journeyman TrFi of Gozag (Lair:2)
  The ghost of Xogheode the Grappler, a journeyman TrBe of Trog (Orc:1)
  7 great orbs of eyes
  2 shambling mangroves (Swamp:4)
  13 yaktaur captains
  33 vault guards
  28 hydras
  2 deep elf high priests
  4 peacekeepers
  7 boulder beetles
  3 spriggan air magi (WizLab)
  20 centaur warriors
  8 ironbound frosthearts
  4 anacondas
  A death knight (D:14)
  6 ogre magi
  A catoblepas (Lair:5)
  A deep troll shaman (Lair:5)
  9 dancing weapons
  15 naga warriors
  12 two-headed ogres
  Erica (D:10)
  10 alligators
  4 orc high priests (Orc:2)
  A tengu warrior (D:15)
  Urug (Orc:2)
  A spriggan berserker (Swamp:4)
  4 death yaks (Lair:5)
  A vampire mage (WizLab)
  7 shock serpents
  Sonja (D:13)
  15 spriggans
  11 hell knights
  16 naga sharpshooters
  14 deep elf knights
  5 salamander mystics
  A death drake (Swamp:4)
  A fire crab (shapeshifter) (Vaults:2)
  6 bog bodies
  An entropy weaver zombie (Vaults:3)
  5 spriggan druids
  7 goliath frogs
  A flayed ghost (Vaults:4)
  4 naga ritualists
  21 deep trolls
  10 swamp dragons
  9 deep elf archers
  11 wizards
  17 ironbound convokers
  2 glowing orange brains
  5 necromancers
  9 mana vipers
  An orc knight (Vaults:5)
  2 orange crystal statues (IceCv)
  23 deep elf pyromancers
  21 deep elf zephyrmancers
  10 lindwurms
  A phantasmal warrior (Vaults:1)
  11 harpies
  37 ugly things
  A fire giant zombie (Vaults:1)
  3 manticores
  A human zombie (Vaults:1)
  2 orc sorcerers
  3 will-o-the-wisps
  14 salamanders
  6 cyclopes
  Maurice (D:11)
  An eye of devastation (Lair:5)
  4 guardian serpents
  21 elephants
  A torpor snail (Lair:5)
  20 black mambas
  14 vault sentinels
  11 naga magi
  Maggie (D:7)
  9 cane toads
  2 gargoyles
  7 komodo dragons
  54 yaktaurs
  2 kobold demonologists (D:14)
  2 unseen horrors
  A yaktaur zombie (Vaults:1)
  5 rime drakes
  A tengu conjurer (WizLab)
  4 freezing wraiths
  6 trolls
  18 hornets
  7 tyrant leeches
  3 polar bears
  A bloated husk (Swamp:2)
  A tarantella (shapeshifter) (D:13)
  Prince Ribbit (D:7)
  9 blink frogs
  7 dream sheep (Lair:5)
  48 slime creatures
  An air elemental (Elf:1)
  2 spriggans (shapeshifter)
  3 shadows
  4 wraiths
  A vampire (D:10)
  4 wyverns
  53 yaks
  Grum (D:9)
  A hog (Swamp:2)
  4 water elementals
  3 fire elementals
  2 humans (Swamp:2)
  2 basilisks (Lair:2)
  A steam dragon (D:6)
  11 vampire mosquitoes
  A glowing shapeshifter zombie (Vaults:1)
  Menkaure (D:4)
  2 wargs
  9 swamp worms
  23 nagas
  Edmund (D:6)
  11 water moccasins
  A swamp worm (shapeshifter) (Vaults:4)
  4 acid dragons
  A floating eye (shapeshifter) (Vaults:5)
  A floating eye (Lair:5)
  2 sky beasts (D:6)
  12 swamp drakes
  2 ice beasts (D:8)
  3 black bears
  6 great orb of eyes simulacra (IceCv)
  21 orc warriors
  27 wolves
  6 ogres
  3 human skeletons
  2 centaurs
  3 boggarts (Vaults:3)
  3 phantoms
  6 slime creature simulacra (IceCv)
  2 kobold brigands
  17 bullfrogs
  5 necrophages
  An earth elemental (Elf:3)
  2 gnoll sergeants
  6 scorpions
  2 glowing shapeshifter simulacra (IceCv)
  21 wights
  19 killer bees
  8 electric eels
  6 howler monkeys
  5 jellies
  4 hounds
  27 orc priests
  7 iguanas
  20 orc wizards
  5 hell rats (Lair:4)
  A boggart simulacrum (D:15)
  3 mummies (Ossuary)
  3 gnolls (D:12)
  6 adders
  2 shadow imps
  3 white imps
  An adder zombie (Ossuary)
  77 orcs
  5 bats
  4 endoplasms
  5 giant cockroaches
  A gnoll zombie (Ossuary)
  4 goblins
  7 hobgoblins
  12 jackals
  10 kobolds
  4 quokkas
  7 ball pythons
  3 frilled lizards
  5 goblin zombies (Ossuary)
  2 hobgoblin zombies (Ossuary)
  4 kobold zombies (Ossuary)
  3 quokka zombies (Ossuary)
  2 rats (D:2)
  2 rat zombies (Ossuary)
  4 briar patches (Swamp:3)
  5 bushes
1547 creatures vanquished.

Vanquished Creatures (others)
  A deep elf demonologist (Elf:3)
  A guardian serpent (Snake:4)
  A bloated husk (Swamp:1)
  A naga (Snake:4)
  A glowing shapeshifter simulacrum (IceCv)
  8 foxfires
  33 fungi
  90 plants
  2 withered plants (Lair:2)
138 creatures vanquished.

Grand Total: 1685 creatures vanquished

Notes
Turn   | Place    | Note
-------+----------+-------------------------------------------
     0 | D:1      | freelancePsychic the Draconian Monk began the quest for the
                  | Orb.
     0 | D:1      | Reached XP level 1. HP: 19/19 MP: 1/1
   150 | D:1      | Found Redweisk's Book Emporium.
   203 | D:1      | Reached XP level 2. HP: 23/26 MP: 2/2
   777 | D:1      | Reached skill level 1 in Ice Magic
   971 | D:2      | Reached XP level 3. HP: 33/33 MP: 3/3
  1196 | D:2      | Reached skill level 2 in Ice Magic
  1361 | D:2      | Identified the +1 robe of Autumn {rF- rC+ Archmagi}
  1530 | D:2      | Found a faded altar of an unknown god.
  2026 | D:3      | Reached XP level 4. HP: 40/40 MP: 4/4
  2340 | D:3      | Found Tetsok's One-of-a-Kind Rings.
  2686 | D:3      | Found a shimmering altar of Xom.
  2719 | D:3      | Found a basalt altar of Yredelemnul.
  2897 | D:3      | Found an iron altar of Okawaru.
  2898 | D:3      | Found a bloodstained altar of Trog.
  3050 | D:4      | Found a shadowy altar of Dithmenos.
  3070 | D:4      | Noticed a scorpion
  3082 | D:4      | Killed a scorpion
  3083 | D:4      | Reached skill level 3 in Ice Magic
  3083 | D:4      | Reached XP level 5. HP: 47/47 MP: 5/5
  3470 | D:4      | Noticed Menkaure
  3589 | D:5      | Entered Level 5 of the Dungeon
  3904 | D:5      | Reached skill level 4 in Ice Magic
  3929 | D:5      | Identified the ring of the Sneaky Planets {+Blink rCorr
                  | Int-5 Dex+9 Slay-5}
  3956 | D:5      | Identified the ring of Usalol {rElec Str+2 Int+6 Dex+4}
  4006 | D:5      | Identified the +1 robe "Joly" {rElec rN++ Will+ MP-9}
  4053 | D:5      | Reached skill level 5 in Fighting
  4053 | D:5      | Reached XP level 6. HP: 22/56 MP: 6/6
  4211 | D:5      | Found a sand-covered staircase.
  4221 | Ossuary  | Entered an ossuary
  4229 | Ossuary  | Reached skill level 5 in Ice Magic
  4690 | D:5      | Your scales start taking on a golden yellow colour.
  4690 | D:5      | Reached XP level 7. HP: 55/61 MP: 7/7
  4690 | D:5      | Gained mutation: You are resistant to acid. (rCorr) [Yellow
                  | Draconian growth]
  4759 | D:5      | Reached skill level 6 in Ice Magic
  4867 | D:1      | Bought Ozocubu's Autobiography for 264 gold pieces
  4871 | D:1      | Learned a level 3 spell: Ozocubu's Armour
  5121 | D:4      | Killed Menkaure
  5122 | D:4      | Reached skill level 1 in Spellcasting
  5904 | D:6      | Found an opulent altar of Gozag.
  5979 | D:6      | Reached skill level 7 in Ice Magic
  5979 | D:6      | Reached XP level 8. HP: 71/71 MP: 7/10
  6057 | D:6      | Found Genepeh's Assorted Antiques.
  6163 | D:6      | Noticed siradein's ghost (novice DsFi)
  6184 | D:6      | Found a transporter.
  6184 | D:6      | Found a transporter.
  6196 | D:6      | Noticed a queen bee
  6312 | D:6      | Noticed Edmund
  6342 | D:6      | Killed Edmund
  6518 | D:6      | Reached skill level 8 in Ice Magic
  6559 | D:6      | Found a staircase to the Ecumenical Temple.
  6568 | Temple   | Entered the Ecumenical Temple
  6729 | Temple   | Became a worshipper of Vehumet
  6729 | Temple   | Reached * piety under Vehumet
  6729 | Temple   | Offered knowledge of Sandblast by Vehumet.
  6729 | Temple   | Reached ** piety under Vehumet
  6984 | D:1      | Bought a book of Frost for 242 gold pieces
  6988 | D:1      | Learned a level 3 spell: Frozen Ramparts
  7148 | D:6      | Offered knowledge of Shock by Vehumet.
  7285 | D:6      | Reached XP level 9. HP: 44/80 MP: 7/14
  7533 | D:7      | Noticed Prince Ribbit
  7540 | D:7      | Killed Prince Ribbit
  7541 | D:7      | Reached skill level 9 in Ice Magic
  7630 | D:7      | Reached skill level 5 in Polearms
  7837 | D:7      | Noticed Maggie
  7849 | D:7      | Paralysed by Maggie for 2 turns
  7852 | D:7      | Killed Maggie
  7852 | D:7      | Offered knowledge of Searing Ray by Vehumet.
  7900 | D:7      | Found an ancient bone altar of Kikubaaqudgha.
  7912 | D:7      | Noticed a two-headed ogre
  7937 | D:7      | Got the Tome of Hiemal Dark Deeds
  8016 | D:7      | Reached XP level 10. HP: 91/91 MP: 9/15
  8024 | D:7      | Reached skill level 1 in Conjurations
  8024 | D:7      | Reached skill level 1 in Air Magic
  8093 | D:7      | Found a sparkling altar of Nemelex Xobeh.
  8177 | D:6      | Learned a level 5 spell: Freezing Cloud
  8421 | D:8      | Reached *** piety under Vehumet
  8425 | D:8      | Noticed Gastronok
  8538 | D:8      | Killed Gastronok
  8539 | D:8      | Reached skill level 10 in Ice Magic
  8784 | D:8      | Reached skill level 10 in Fighting
  8975 | D:8      | Offered knowledge of Ignite Poison by Vehumet.
  8978 | D:8      | Reached skill level 5 in Spellcasting
  9560 | D:9      | Found a shimmering blue altar of Sif Muna.
  9588 | D:9      | Reached XP level 11. HP: 90/101 MP: 18/18
  9735 | D:9      | Reached skill level 1 in Shields
  9768 | D:9      | Found a broken altar of Ashenzari.
  9908 | D:9      | Reached **** piety under Vehumet
 10070 | D:9      | Identified the +1 scale mail of Emauwk {Rampage rC- Str+3}
 10181 | D:9      | Offered knowledge of Lightning Bolt by Vehumet.
 10283 | D:9      | Found Owan's Armour Boutique.
 10368 | D:9      | Noticed Grum
 10374 | D:9      | Killed Grum
 10678 | D:9      | Bought a +2 pair of boots for 247 gold pieces
 10865 | D:10     | Entered Level 10 of the Dungeon
 11110 | D:10     | Learned a level 4 spell: Dispel Undead
 11184 | D:10     | Reached skill level 1 in Necromancy
 11213 | D:11     | Noticed Maurice
 11218 | D:11     | Killed Maurice
 11292 | D:11     | You fall into a shaft and drop 1 floor!
 11538 | D:12     | Noticed a two-headed ogre
 11543 | D:12     | Killed a two-headed ogre
 12209 | D:11     | Reached ***** piety under Vehumet
 12229 | D:11     | Found a staircase to the Orcish Mines.
 12237 | D:11     | Offered knowledge of Olgreb's Toxic Radiance by Vehumet.
 12318 | D:11     | Noticed a two-headed ogre
 12325 | D:11     | Killed a two-headed ogre
 12326 | D:11     | Reached skill level 5 in Necromancy
 12652 | D:10     | Noticed a two-headed ogre
 12657 | D:10     | Killed a two-headed ogre
 12712 | D:10     | Noticed Erica
 12722 | D:10     | Killed Erica
 12925 | D:10     | Reached XP level 12. HP: 100/111 MP: 20/20
 12984 | D:10     | Found a staircase to the Lair.
 13088 | D:10     | Reached skill level 5 in Shields
 13113 | D:10     | Reached skill level 11 in Ice Magic
 13172 | D:10     | Found a transporter.
 13175 | D:10     | Noticed ytrimaz's ghost (journeyman FoFi)
 13209 | D:10     | Found a transporter.
 13335 | Lair:1   | Entered Level 1 of the Lair of Beasts
 13424 | Lair:1   | Identified a scroll of acquirement
 13425 | Lair:1   | Acquired a staff of cold
 13504 | Lair:1   | Reached skill level 1 in Staves
 13504 | Lair:1   | Reached skill level 1 in Evocations
 13564 | Lair:1   | Acquired a ring of protection from fire
 13964 | Lair:1   | Identified the +9 rapier "Jellybane" {spect, rElec rPois
                  | rF+}
 14386 | Lair:1   | Learned a level 7 spell: Ozocubu's Refrigeration
 14401 | Lair:2   | Found a staircase to the Swamp.
 14411 | Lair:2   | Reached skill level 12 in Ice Magic
 14832 | Lair:2   | Noticed an eight-headed hydra
 14836 | Lair:2   | Killed an eight-headed hydra
 15593 | Lair:2   | Noticed a four-headed hydra
 15596 | Lair:2   | Killed a four-headed hydra
 15694 | Lair:2   | Noticed SensoryNuts's ghost (journeyman TrFi)
 15695 | Lair:2   | Found a runed translucent door.
 16022 | Lair:2   | Killed SensoryNuts's ghost
 16023 | Lair:2   | Reached XP level 13. HP: 90/117 MP: 20/21
 16569 | Lair:3   | Reached skill level 13 in Ice Magic
 16698 | Lair:3   | Offered knowledge of Airstrike by Vehumet.
 17311 | Lair:3   | Reached skill level 5 in Staves
 17311 | Lair:3   | Reached skill level 5 in Evocations
 17551 | Lair:3   | Found a staircase to the Snake Pit.
 18016 | Lair:4   | Found a sparkling altar of Nemelex Xobeh.
 19027 | Lair:5   | Entered Level 5 of the Lair of Beasts
 19031 | Lair:5   | Reached skill level 14 in Ice Magic
 19382 | Lair:5   | Found a staircase to the Slime Pits.
 19937 | Lair:5   | Gained mutation: You have acidic saliva. [Yellow Draconian
                  | growth]
 19937 | Lair:5   | Reached XP level 14. HP: 125/125 MP: 25/25
 20288 | Lair:5   | Reached skill level 15 in Ice Magic
 20288 | Lair:5   | Offered knowledge of Conjure Ball Lightning by Vehumet.
 20854 | Lair:5   | Learned a level 5 spell: Irradiate
 20991 | Orc:1    | Entered Level 1 of the Orcish Mines
 21032 | Orc:1    | Found a runed translucent gate.
 21033 | Orc:1    | Found a runed translucent gate.
 21034 | Orc:1    | Found a runed translucent gate.
 21034 | Orc:1    | Noticed Xogheode's ghost (journeyman TrBe)
 21535 | Orc:1    | Killed Xogheode's ghost
 21536 | Orc:1    | Reached skill level 1 in Transmutations
 21711 | Orc:2    | Entered Level 2 of the Orcish Mines
 21821 | Orc:2    | Noticed Urug
 21825 | Orc:2    | Killed Urug
 22048 | Orc:2    | Reached skill level 5 in Dodging
 22347 | Orc:2    | Offered knowledge of Starburst by Vehumet.
 22372 | Orc:2    | Found a staircase to the Elven Halls.
 22380 | Orc:2    | Reached skill level 5 in Conjurations
 22415 | Orc:2    | Found Gamoquis's Assorted Antiques.
 22415 | Orc:2    | Found Qusiw's Weapon Emporium.
 22416 | Orc:2    | Found Zawkoept's Book Shoppe.
 22420 | Orc:2    | Found Ushoesen's Book Shoppe.
 22427 | Orc:2    | Bought a faintly glowing cloak for 285 gold pieces
 22427 | Orc:2    | Identified the +2 cloak "Qoizog" {Harm Drain rPois Str+2}
                  | (You bought it in a shop on level 2 of the Orcish Mines)
 22427 | Orc:2    | Bought a sparkling platinum ring for 150 gold pieces
 22427 | Orc:2    | Identified the ring of Riutof {rF++ rCorr Dex-5} (You
                  | bought it in a shop on level 2 of the Orcish Mines)
 23267 | D:13     | Noticed Sonja
 23268 | D:13     | Killed Sonja
 24028 | D:13     | Found a gate to the Vaults.
 24124 | D:14     | Found a frozen archway.
 24200 | IceCv    | Entered an ice cave
 24446 | IceCv    | Noticed a quicksilver ooze
 24468 | IceCv    | Noticed a quicksilver ooze
 24471 | IceCv    | Killed a quicksilver ooze
 24552 | IceCv    | Noticed a quicksilver ooze
 24553 | IceCv    | Noticed a quicksilver ooze
 24564 | IceCv    | Killed a quicksilver ooze
 24565 | IceCv    | Reached XP level 15. HP: 131/132 MP: 14/27
 24670 | IceCv    | Got the ring "Qetentuqyr" {Ice rN+ rCorr Dex-5 SInv}
 25080 | IceCv    | Noticed an azure jelly
 25086 | IceCv    | Noticed an azure jelly
 25095 | IceCv    | Killed an azure jelly
 25095 | IceCv    | Killed an azure jelly
 25101 | IceCv    | Noticed an azure jelly
 25109 | IceCv    | Killed an azure jelly
 25131 | IceCv    | Found a viscous altar of Jiyva.
 25137 | IceCv    | Noticed a rockslime
 25146 | IceCv    | Killed a rockslime
 25237 | IceCv    | Identified the +2 hat of Xasu Veoni {rElec rPois Int-3
                  | Dex-3}
 25241 | IceCv    | Got the ring of Vauloe {rC+ Stlth+}
 25242 | IceCv    | Identified the amulet "Ihox" {Spirit -Tele Rampage Str+3
                  | Dex+3}
 25252 | IceCv    | Identified the +5 ring mail of the Little Devil {Harm MP-9
                  | Str+4 Int+3}
 25627 | D:14     | Offered knowledge of Lee's Rapid Deconstruction by Vehumet.
 25801 | D:14     | Found a sacrificial altar of Ru.
 25822 | D:15     | Entered Level 15 of the Dungeon
 26191 | D:15     | Reached skill level 16 in Ice Magic
 26333 | D:15     | Found a staircase to the Depths.
 26412 | D:15     | Reached skill level 10 in Staves
 26529 | D:15     | Found Neruatia's Armour Shoppe.
 26592 | D:15     | Bought a +1 cloak for 149 gold pieces
 26922 | D:15     | Found an iron altar of Okawaru.
 27520 | Snake:1  | Entered Level 1 of the Snake Pit
 27696 | Snake:1  | Offered knowledge of Fireball by Vehumet.
 28175 | Snake:1  | Reached XP level 16. HP: 143/143 MP: 26/28
 29176 | Snake:2  | Found Vuzxuv's Jewellery Shop.
 29359 | Snake:2  | Reached skill level 17 in Ice Magic
 29683 | Snake:2  | Identified Roxanne's Anthology of Variation
 29683 | Snake:2  | Noticed Roxanne
 31573 | Snake:3  | Learned a level 9 spell: Polar Vortex
 31810 | Snake:4  | Entered Level 4 of the Snake Pit
 32000 | Snake:4  | Found a basalt altar of Yredelemnul.
 32343 | Snake:4  | Offered knowledge of Ignition by Vehumet.
 32344 | Snake:4  | Reached skill level 18 in Ice Magic
 32684 | Snake:4  | Gained mutation: You are frail. (-10% HP) [mutagenic glow]
 32914 | Snake:4  | Got a serpentine rune of Zot
 33058 | Snake:4  | Noticed Asterion
 33091 | Snake:4  | Killed Asterion
 33092 | Snake:4  | Reached XP level 17. HP: 112/138 MP: 4/30
 33428 | Snake:4  | Noticed Aizul
 33438 | Snake:4  | Killed Aizul
 34039 | Snake:4  | Noticed Vashnia
 34047 | Snake:4  | Killed Vashnia
 34151 | Snake:4  | Reached skill level 10 in Dodging
 34868 | Swamp:1  | Entered Level 1 of the Swamp
 34871 | Swamp:1  | Reached skill level 19 in Ice Magic
 35148 | Lair:2   | Reached skill level 15 in Fighting
 36165 | Swamp:2  | Reached ****** piety under Vehumet
 36584 | Swamp:2  | Noticed Kirke
 36587 | Swamp:2  | Killed Kirke
 36676 | Swamp:2  | Offered knowledge of Fire Storm by Vehumet.
 36676 | Swamp:2  | Offered knowledge of Shatter by Vehumet.
 36676 | Swamp:2  | Offered knowledge of Chain Lightning by Vehumet.
 36950 | Swamp:2  | Noticed a tentacled monstrosity
 36956 | Swamp:2  | Killed a tentacled monstrosity
 37462 | Swamp:3  | Paralysed by a fenstrider witch for 5 turns
 37850 | Swamp:3  | Identified the ring "Zeriell" {rN+ Str+6}
 37859 | Swamp:3  | Reached skill level 20 in Ice Magic
 38417 | Swamp:4  | Entered Level 4 of the Swamp
 38422 | Swamp:4  | Reached XP level 18. HP: 149/149 MP: 27/31
 38609 | Swamp:4  | Identified the +4 flail of Autumn {vorpal, rElec rN+}
 39197 | Swamp:4  | Got a decaying rune of Zot
 39880 | Elf:1    | Entered Level 1 of the Elven Halls
 40091 | Elf:1    | Found a magical portal.
 40096 | WizLab   | Entered Yara's Duelist Academy
 40616 | WizLab   | Reached skill level 21 in Ice Magic
 40855 | WizLab   | Noticed Qapratas
 40965 | WizLab   | Killed Qapratas the Head Instructor
 41083 | WizLab   | Got Sif Muna's Reference Book on the Hazy Legion
 41105 | WizLab   | Got Yara's Anthology of Spellbinding
 41415 | Elf:1    | Got Ipreedgh's Lessons on Combat Magic
 42386 | Elf:2    | Found an ancient bone altar of Kikubaaqudgha.
 42390 | Elf:2    | Identified the +3 leather armour "Miaschyis" {Contam rElec
                  | rPois Str+4}
 42619 | Elf:2    | Found Nyifomn's Magic Scroll Shop.
 42635 | Elf:2    | Bought a scroll of poison for 56 gold pieces
 42635 | Elf:2    | Bought a scroll of teleportation for 42 gold pieces
 42755 | Elf:2    | Reached XP level 19. HP: 156/156 MP: 1/32
 42902 | Elf:2    | Reached skill level 22 in Ice Magic
 42996 | Elf:2    | Found a runed translucent gate.
 42996 | Elf:2    | Found a runed translucent gate.
 42996 | Elf:2    | Found a runed translucent gate.
 43094 | Elf:3    | Entered Level 3 of the Elven Halls
 44063 | Elf:3    | Identified the +8 sling of the Eel {freeze, Str+2}
 44274 | Elf:3    | Identified the +6 quarterstaff of Change {freeze, *Corrode
                  | Int+4}
 44515 | Elf:3    | Reached skill level 23 in Ice Magic
 44787 | Elf:3    | Noticed a Tzitzimitl
 44788 | Elf:3    | Identified the +1 leather armour of Dapucoel {Rampage Int-4
                  | Dex+4}
 44788 | Elf:3    | Identified the ring "Zalaor" {rF+ rN+ Int+4 Dex-5}
 44956 | Elf:3    | Identified the +10 plate armour of the Saviour {rC+}
 45263 | Vaults:1 | Entered Level 1 of the Vaults
 45766 | Vaults:1 | Identified the +7 falchion of the Foot {flame, Stlth+}
 46052 | Vaults:1 | Reached XP level 20. HP: 161/165 MP: 33/33
 46751 | Vaults:2 | Noticed Lance11888's ghost (adept TeSu)
 46751 | Vaults:2 | Identified the +11 great mace of the Candle {elec, rC+
                  | Str+7 Int+4}
 46752 | Vaults:2 | Found a transporter.
 46830 | Vaults:2 | Noticed a bone dragon
 46838 | Vaults:2 | Killed a bone dragon
 46847 | Vaults:2 | Found a staircase to the Crypt.
 46965 | Vaults:2 | Found a transporter.
 47163 | Vaults:2 | Noticed Jory
 47171 | Vaults:2 | Killed Jory
 47172 | Vaults:2 | Reached skill level 24 in Ice Magic
 47205 | Vaults:2 | Noticed Donald
 47210 | Vaults:2 | Killed Donald
 47275 | Vaults:2 | Noticed a golden dragon
 47292 | Vaults:2 | Killed a golden dragon
 47309 | Vaults:2 | Noticed a golden dragon
 47712 | Vaults:2 | Killed a golden dragon
 47918 | Vaults:2 | Identified the +7 scimitar of Pyromania {venom, rElec rC-
                  | Stlth+}
 48095 | Vaults:2 | Reached skill level 5 in Transmutations
 48230 | Vaults:2 | Killed Lance11888's ghost
 48331 | Vaults:2 | Identified the ring of Najuetzu {rC+ rCorr Stlth+}
 48523 | Vaults:3 | Reached XP level 21. HP: 178/178 MP: 34/34
 49059 | Vaults:3 | Reached skill level 15 in Dodging
 49665 | Vaults:4 | Reached skill level 10 in Spellcasting
 49854 | Vaults:4 | Found Socudec's Antique Armour Emporium.
 49862 | Vaults:4 | Bought a pair of encrusted gloves for 285 gold pieces
 49862 | Vaults:4 | Identified the +2 pair of gloves "Leron" {Drain rPois
                  | Regen+ Dex+6} (You bought it in a shop on level 4 of the
                  | Vaults)
 50550 | Vaults:4 | Found a transporter.
 50553 | Vaults:4 | Found a bloodstained altar of Trog.
 50555 | Vaults:4 | Noticed Ruyty's ghost (adept DsGl)
 50579 | Vaults:4 | Found a transporter.
 50775 | Vaults:5 | Entered Level 5 of the Vaults
 50780 | Vaults:5 | Reached XP level 22. HP: 128/188 MP: 36/36
 50880 | Vaults:5 | Reached skill level 10 in Shields
 50928 | Vaults:5 | Noticed a golden dragon
 50938 | Vaults:5 | Killed a golden dragon
 50978 | Vaults:5 | Identified the +7 scimitar of the Freezing God {protect,
                  | rPois Dex+4}
 51034 | Vaults:5 | Noticed a dread lich
 51040 | Vaults:5 | Killed a dread lich
 51150 | Vaults:5 | Noticed an ancient lich
 51156 | Vaults:5 | Killed from afar by an ancient lich

Illustrated notes

Levels and vault maps discovered:
D:1:      dpeg_arrival_pits, layout_basic, serial_shops, nicolae_square_shop
D:2:      layout_basic, shapermc_ecumenical_altar_mp_vishouse,
          minmay_split_cup_small
D:3:      layout_rooms, mainiacjoe_overflow_two_lobes,
          grunt_temple_overflow_bloody_war, nicolae_shop_unique_rings,
          wad_orctagon
D:4:      layout_rooms, grunt_dithmenos_smoke_and_mirrors, uniq_menkaure
D:5:      layout_cave_pods, nicolae_ossuary_entry_monument, patterned_corridor
D:6:      layout_gridville, amcnicky_altar_gilded, temple_hall,
          gammafunk_ghost_hive, serial_shops, shop_coins, nzn_random_ring,
          uniq_edmund
D:7:      layout_rooms, nemelex_diamond_rough_becter,
          nicolae_kikubaaqudgha_miasma_corner,
          minmay_fractal_squares_diagonal_5, uniq_maggie, uniq_prince_ribbit1
D:8:      layout_basic, uniq_gastronok
D:9:      layout_loops_corners, nicolae_ashenzari_panopticon,
          overflow_temple_1_default, serial_shops, nicolae_shop_statue_plus,
          nrook_pool_corridor, uniq_grum
D:10:     layout_basic, dpeg_oklobed_lair, gammafunk_ghost_stat_death,
          uniq_erica
D:11:     layout_small_grid, erik_orc_3, uniq_maurice
D:12:     layout_rooms, minmay_splitting_lines
D:13:     layout_irregular_city, david_vaults_4, uniq_sonja
D:14:     layout_cross, minmay_misc_feat_hallway,
          portal_ice_cave_entry_pillars_2, nicolae_ru_the_path_less_chosen
D:15:     hangedman_depths_entry_civil_slaughter, layout_irregular_city,
          okawaru_gym_becter, serial_shops, shop_fountains
Temple:   hellmonk_temple_forest_ring
Lair:1:   layout_misc_corridors
Lair:2:   layout_long_grid, skrybe_swamp_entry_bodies, gammafunk_ghost_grave,
          serial_bayou_pond_b, serial_bayou_pond_b, grunt_megastairs_3
Lair:3:   layout_cave_pods, dummy_snake_entry, serial_bayou_shore_a
Lair:4:   layout_roguey, basic_altar
Lair:5:   grunt_lair_end_beastmaster, layout_small_grid,
          minmay_slime_entry_eyes, st_stairs_11
Swamp:1:  layout_falls_marsh, serial_swamp_ruin, hangedman_swamp_ruin_hall,
          evilmike_swamp_ruin_house_4
Swamp:2:  layout_falls_marsh, evilmike_swamp_ruin_house_2, swamp_pool5,
          uniq_kirke
Swamp:3:  layout_basic_swamp, evilmike_swamp_ruin_rubble_2, swamp_pool4,
          infiniplex_staircase_pool
Swamp:4:  swamp_basic_johnstein, layout_basic_swamp, swamp_pool1
Snake:1:  layout_cave_pods
Snake:2:  layout_cave_pods, minmay_shop_enchanted_jewellery,
          serial_bayou_shore_b, uniq_roxanne
Snake:3:  layout_honeycomb
Snake:4:  grunt_snake_rune_spirals, layout_onion_interference, basic_altar,
          uniq_aizul, uniq_vashnia, uniq_asterion
Orc:1:    layout_caves, gammafunk_ghost_split
Orc:2:    st_orc_mages, layout_caves, uniq_urug
Elf:1:    eino_elf_arrival_shootout, layout_geoelf_octagon, mu_enter_wizlab_7,
          minmay_elf_annihilation
Elf:2:    nicolae_elf_blades_splatter_lattice [nicolae_blade_little_rooms],
          layout_geoelf_diagonals, serial_shops, shop, basic_altar,
          fountainhead, hellmonk_bongcloud_opening
Elf:3:    elf_hall, layout_gridlike, sword_in_stone
Vaults:1: vaults_room_fours, nicolae_vaults_hallways_thing,
          nicolae_vaults_good_morning_starshine, vaults_room_semicircle,
          ontoclasm_vaults_decontamination, v_misc_5, vaults_dpeg_doors,
          hangedman_vaults_cutoff, ontoclasm_vaults_pinch,
          ontoclasm_vaults_misaligned, nicolae_vaults_angled_halls, v_misc_22,
          hangedman_vaults_maws, v_alt_pattern_2, layout_vaults_maze_bifur
Vaults:2: gammafunk_ghost_smash, nicolae_vaults_what_the_h, st_greater_box_1,
          nicolae_vaults_big_ls, hangedman_vaults_nails, vaults_room_door_hall,
          minmay_crypt_entry_nasty_monster, hangedman_vaults_snaps,
          vaults_dpeg_diagonal, vaults_room_semicircle,
          layout_vaults_chaotic_city, uniq_donald, uniq_jory
Vaults:3: v_misc_28, v_misc_15, nicolae_vaults_ninety_degrees, vaults_mumra_lcd,
          vaults_standard_mumra_x, dpeg_vaults_monster_row, vaults_dpeg_hooks,
          ontoclasm_vaults_ligature, ontoclasm_vaults_shuriken, v_misc_18,
          nicolae_vaults_specimen_jars, layout_vaults_omnicross
Vaults:4: gammafunk_ghost_wrathful_warriors, grunt_vaults_diagonal,
          nicolae_vaults_minivaults, vaults_room_boxed, vaults_mumra_hexcomb,
          hangedman_vaults_cutoff, ontoclasm_vaults_ring_small, v_misc_2,
          nicolae_vaults_little_ls, vaults_room_pools, vaults_room_grid,
          vaults_room_stairs_pillars, vaults_room_corners,
          nicolae_vaults_little_squares_5, vaults_room_fours,
          layout_vaults_ring, serial_shops,
          nicolae_shop_temple_entry_statues_fountains
Vaults:5: serial_shops

Skill      XL: |  1  2  3  4  5  6  7  8  9 10 11 12 13 14 15 16 17 18 19 20 21 22 |
---------------+-------------------------------------------------------------------+-----
Ice Magic      | 1 2 3 4 5 7 8 9 10 12 14 15 16 18 20 21 23 24 | 24.9
Fighting       | 4 5 6 7 9 10 11 13 14 15 16 17 19 20 | 20.0
Spellcasting   | 1 3 5 7 8 9 10 | 10.0
Dodging        | 3 4 6 7 9 11 12 14 15 | 15.2
Polearms       | 6 |  6.1
Conjurations   | 3 6 7 |  7.4
Air Magic      | 3 |  3.9
Shields        | 4 5 9 11 | 11.0
Necromancy     | 6 7 |  7.0
Staves         | 4 7 9 10 | 10.3
Evocations     | 4 5 |  5.0
Transmutations | 4 5 6 |  6.1
Stealth        | |  1.8

Action                   |  1- 3 |  4- 6 |  7- 9 | 10-12 | 13-15 | 16-18 | 19-21 | 22-24 || total
-------------------------+-------+-------+-------+-------+-------+-------+-------+-------++-------
Melee: Spear             |   195 |    27 |       |       |       |       |       |       ||   222
       Tailslap          |    22 |    40 |    47 |    63 |    68 |    29 |    43 |     5 ||   317
       Punch             |     3 |     2 |     5 |     2 |       |       |       |       ||    12
       Trident           |       |   211 |   336 |   271 |       |       |       |       ||   818
       Staff             |       |       |       |    68 |   277 |   131 |   209 |    11 ||   696
       Demon trident     |       |       |       |       |    96 |       |       |       ||    96
       Bite              |       |       |       |       |    40 |    22 |    40 |     1 ||   103
Throw: Stone             |    12 |    15 |       |       |       |       |       |       ||    27
       Dart              |       |     3 |     1 |       |       |       |       |       ||     4
 Cast: Ozocubu's Armour  |       |       |    22 |    27 |    17 |       |       |       ||    66
       Frozen Ramparts   |       |       |    13 |    33 |    18 |       |       |       ||    64
       Freezing Cloud    |       |       |       |    83 |    66 |   137 |     8 |       ||   294
       Dispel Undead     |       |       |       |    13 |    12 |     3 |    12 |     2 ||    42
       Ozocubu's Refrige |       |       |       |    27 |   184 |   279 |   151 |    26 ||   667
       Irradiate         |       |       |       |       |    21 |    56 |    16 |     5 ||    98
       Polar Vortex      |       |       |       |       |       |       |    91 |     9 ||   100
 Abil: Breathe Acid      |       |       |    17 |    12 |     6 |       |       |       ||    35
Evoke: Wand              |       |    15 |     6 |     2 |     8 |     3 |       |       ||    34
  Use: Potion            |       |     4 |       |       |       |     4 |     3 |       ||    11
       Scroll            |       |     5 |       |    15 |    17 |    13 |     5 |     2 ||    57
 Stab: Sleeping          |     7 |     3 |     2 |     1 |       |       |     1 |       ||    14
       Distracted        |       |       |       |       |       |       |     1 |       ||     1
Armor: Skin              |    39 |    61 |   145 |   150 |   168 |    92 |   122 |    10 ||   787
Dodge: Dodged            |   102 |   143 |   207 |   168 |   241 |   131 |   268 |    35 ||  1295
Block: Buckler           |       |       |       |    61 |   133 |    38 |   142 |    17 ||   391
       Reflection        |       |       |       |       |       |       |    26 |     3 ||    29

Table legend: (Time is in decaauts)
 A = Elapsed time spent in this place.
 B = Non-inter-level travel time spent in this place.
 C = Inter-level travel time spent in this place.
 D = Time resting spent in this place.
 E = Time spent auto-exploring this place.
 F = Levels seen in this place.
 G = Mean time per level.
                   A        B        C        D        E       F      G
               +--------+--------+--------+--------+--------+-----+--------+
         Total |  53498 |  50402 |   3096 |   2236 |  39664 |  42 | 1273.8 |
       Dungeon |  17521 |  16067 |   1454 |    747 |  12131 |  15 | 1168.1 |
        Temple |    176 |    142 |     34 |      0 |    131 |   1 |  176.0 |
          Lair |   8649 |   8045 |    604 |    351 |   6898 |   5 | 1729.8 |
         Swamp |   4634 |   4487 |    147 |    523 |   3391 |   4 | 1158.5 |
     Snake Pit |   7499 |   7292 |    207 |      0 |   6362 |   4 | 1874.8 |
  Orcish Mines |   1835 |   1680 |    155 |    121 |   1277 |   2 |  917.5 |
   Elven Halls |   4393 |   4211 |    182 |    268 |   3320 |   3 | 1464.3 |
        Vaults |   6235 |   5927 |    308 |     99 |   4443 |   5 | 1247.0 |
       Ossuary |    328 |    328 |      0 |      0 |    196 |   1 |  328.0 |
      Ice Cave |   1147 |   1147 |      0 |     27 |    682 |   1 | 1147.0 |
        Wizlab |   1075 |   1075 |      0 |    100 |    830 |   1 | 1075.0 |
               +--------+--------+--------+--------+--------+-----+--------+

Top non-repeatable levels by time:
 Snake:4: 3001 daAuts
  Lair:2: 2346 daAuts
   Elf:3: 2083 daAuts
Vaults:2: 2075 daAuts
  Lair:3: 1899 daAuts
  Lair:5: 1870 daAuts
 Snake:1: 1691 daAuts
     D:5: 1625 daAuts
    D:15: 1621 daAuts
 Snake:3: 1532 daAuts
 Swamp:3: 1471 daAuts
   Elf:1: 1463 daAuts
Vaults:4: 1458 daAuts
     D:9: 1418 daAuts
  Lair:4: 1340 daAuts
